 Dungeon Crawl Stone Soup version 0.31.0-11-ge490571c62 (webtiles) character file.

Game seed: 8568078808496528882

28080 qw the Markself (level 13, -6/78 HPs)
             Began as a Deep Elf Hunter on Feb 4, 2024.
             Was an Elder of Okawaru.
             Mangled by a seven-headed hydra (13 damage)
             ... on level 3 of the Lair of Beasts.
             The game lasted 00:01:14 (10642 turns).

qw the Markself (Deep Elf Hunter)                  Turns: 10642, Time: 00:01:15

Health: -6/78      AC: 17    Str: 12    XL:     13   Next: 7%
Magic:  19/22      EV: 18    Int: 16    God:    Okawaru [****..]
Gold:   682        SH:  0    Dex: 18    Spells: 12/12 levels left

rFire   . . .        b - +4 orcbow (chaos)
rCold   + . .        (shield currently unavailable)
rNeg    . . .        j - +0 acid dragon scales
rPois   .            h - +2 helmet
rElec   .            g - +2 cloak
rCorr   +            m - +2 pair of gloves
SInv    .            (no boots)
Will    +....        (no amulet)
Stlth   ++           d - ring of protection from cold
HPRegen 0.33/turn    e - +4 ring of slaying {mikee}
MPRegen 0.18/turn

%: no passive effects
@: lethally poisoned (-6 -> -9), about to teleport, finesse-ful
A: no striking features
a: Renounce Religion, Heroism, Finesse


You were on level 3 of the Lair of Beasts.
You worshipped Okawaru.
Okawaru was greatly pleased with you.
You visited 3 branches of the dungeon, and saw 12 of its levels.

You collected 682 gold pieces.


   Skills:
 + Level 8.0 Fighting
 - Level 19.2 Ranged Weapons
 - Level 5.0 Armour
 - Level 12.0 Dodging
 - Level 1.2 Stealth
 - Level 10.0 Invocations


You had 12 spell levels left.
You didn't know any spells.
Your spell library was empty.

Inventory:

Hand Weapons
 b - a +4 orcbow of chaos (weapon)
Armour
 g - a +2 cloak (worn)
 h - a +2 helmet (worn)
 j - +0 acid dragon scales (worn)
 m - a +2 pair of gloves (worn)
Jewellery
 d - a ring of protection from cold (left hand)
 e - a +4 ring of slaying (right hand) {mikee}
Wands
 l - a wand of iceblast (8)
Scrolls
 f - 2 scrolls of teleportation
Potions
 a - 2 potions of curing
 c - 2 potions of enlightenment
 i - a potion of heal wounds
 k - a potion of might
 o - 2 potions of cancellation
 q - a potion of mutation

Dungeon Overview and Level Annotations

Branches:
Dungeon (8/15)             Temple (1/1) D:4            Lair (3/5) D:8
 Spider (0/4) Lair:3
  Swamp: Lair:2-3    Shoals: Lair:2-3

Altars:
Ashenzari
Cheibriados
Dithmenos
Elyvilon
Fedhas
Gozag
Hepliaklqana
Kikubaaqudgha
Makhleb
Nemelex Xobeh
Okawaru
Qazlal
Ru
Sif Muna
Trog
Uskayaw
Vehumet
Wu Jian
Xom
Yredelemnul
Zin
The Shining One

Annotations:
D:3 2 transporters
D:6 3 runed translucent doors, qw's ghost, novice SpHu


Message History

The seven-headed hydra completely misses you.
The wolf spider hits you! The wolf spider misses you.
You shoot an arrow. The arrow hits the wolf spider!
The wolf spider is severely wounded.
You shoot an arrow. The arrow hits the four-headed hydra!
The arrow burns the four-headed hydra.
The four-headed hydra is almost dead.
You feel sick.
The wolf spider hits you but does no damage.
The wolf spider bites you.
You shoot an arrow. The arrow hits the four-headed hydra!!
You kill the four-headed hydra!
Okawaru accepts your kill.
You feel sick. The seven-headed hydra bites you.
The seven-headed hydra closely misses you.
The seven-headed hydra bites you.
The seven-headed hydra bites you but does no damage.
The seven-headed hydra misses you. The seven-headed hydra bites you.
The seven-headed hydra bites you!
Your Armour skill increases to level 5!
You shoot an arrow.
The arrow barely misses the wolf spider.
The wolf spider closely misses you.
The wolf spider bites you but does no damage.
You shoot an arrow. The arrow hits the wolf spider!!
The wolf spider is almost dead.
The seven-headed hydra bites you. x2
The seven-headed hydra completely misses you.
The seven-headed hydra barely misses you.
The seven-headed hydra bites you but does no damage. x3
The wolf spider hits you but does no damage.
The wolf spider misses you.
10642 ||| READING 3 scrolls of teleportation.
As you read the scroll of teleportation, it crumbles to dust.
You feel strangely unstable.
You feel sick.
The wolf spider hits you but does no damage.
The wolf spider completely misses you. The seven-headed hydra bites you!
The seven-headed hydra misses you. The seven-headed hydra bites you!
You die...

7..7777.7777..7#.....#... 7#
7...~...777.#.777.#.## 7.
7..7777.7777..7#.7 7.#.## 7.
7.........777#.7 7.#..# 7.
########'########.7 7.#..# #7.
#.....#...#.....#.777.#.##
.#.77777.777(7...77...77....?#.P#
...%(....7 7.'<8>'.7.7....7..(...
.#.77777.777.7.l@77...77.....#.#.
.#7. #.....#.Ds#.....#.777.#...
.# 7. ########'########.7 7.#...
.# 7F 7%7 #.7 7.#... .# 7. 7..
#.7 7.#... .# 7# 7.7P #.777.#...
.# ..77P #.....#... .# 7.7 7.
#######[.. ## #.# ## #...


You could see a seven-headed hydra, a wolf spider and a komodo dragon.

Vanquished Creatures
  7 hydras
  A boulder beetle (Lair:2)
  Amaemon (Lair:3)
  A swamp dragon (Lair:2)
  2 black mambas (Lair:3)
  A torpor snail (Lair:1)
  An orange demon (Lair:3)
  2 cane toads (Lair:3)
  3 rime drakes
  2 komodo dragons (Lair:3)
  4 polar bears
  10 blink frogs
  9 dream sheep
  3 slime creatures (D:8)
  25 yaks
  6 wyverns
  Eustachio (D:5)
  A steam dragon (D:8)
  4 vampire mosquitoes (Lair:2)
  A basilisk (Lair:1)
  Menkaure (D:5)
  An acid dragon (D:8)
  Duvessa (D:5)
  18 water moccasins
  2 swamp drakes (Lair:2)
  An orc warrior (D:8)
  6 black bears
  An ogre (D:5)
  6 wolves
  2 centaurs (D:8)
  2 phantoms
  Blork the orc (D:5)
  A kobold brigand (D:7)
  23 bullfrogs
  2 scorpions
  Dowan (D:5)
  2 electric eels (Lair:3)
  2 howler monkeys
  A bombardier beetle (D:7)
  2 jellies
  2 orc priests (D:8)
  A sleepcap (D:6)
  A gnoll bouda (D:7)
  5 hounds
  Natasha (twice) (D:2)
  Terence (D:3)
  4 iguanas
  6 orc wizards
  Robin (D:2)
  10 gnolls
  8 adders
  A white imp (D:6)
  2 ufetubi (D:7)
  2 dart slugs
  2 ribbon worms (D:2)
  31 orcs
  4 endoplasms
  A giant cockroach (D:4)
  9 hobgoblins
  9 kobolds
  3 quokkas
  6 ball pythons
  3 bats
  3 frilled lizards
  12 goblins
  2 rats
292 creatures vanquished.

Vanquished Creatures (collateral kills)
  A blink frog (Lair:3)
1 creature vanquished.

Vanquished Creatures (others)
  A blink frog (Lair:3)
1 creature vanquished.

Grand Total: 294 creatures vanquished

Notes
Turn   | Place    | Note
-------+----------+-------------------------------------------
     0 | D:1      | qw the Deep Elf Hunter began the quest for the Orb.
     0 | D:1      | Reached XP level 1. HP: 12/12 MP: 3/3
     0 | D:1      | 0 ||| qw: Version: 0.3-a-160-g6735b56
     0 | D:1      | 0 ||| qw: Game counter: 4383
     0 | D:1      | 0 ||| qw: Melee chars always use a shield: true
     0 | D:1      | 0 ||| qw: God list: Okawaru
     0 | D:1      | 0 ||| qw: Allow faded altars: false
     0 | D:1      | 0 ||| qw: Do Orc after clearing Dungeon:15 true
     0 | D:1      | 0 ||| qw: Do second Lair branch before Depths: true
     0 | D:1      | 0 ||| qw: Lair rune preference: random
     0 | D:1      | 0 ||| qw: Goals: Normal
     0 | D:1      | 0 ||| PLANNING D:1-11
   768 | D:1      | 768 ||| UPGRADING to +2 cloak.
   773 | D:1      | 773 ||| READING scroll labelled JETAPTOLES.
   874 | D:1      | 874 ||| READING scroll labelled NOPREKK XUME.
   975 | D:1      | 975 ||| READING 3 scrolls labelled XUCOEJ ODOS.
   979 | D:1      | 979 ||| DROPPING scroll of butterflies.
  1047 | D:2      | Reached skill level 6 in Ranged Weapons
  1047 | D:2      | Reached XP level 2. HP: 16/16 MP: 4/4
  1128 | D:2      | Found a faded altar of an unknown god.
  1152 | D:2      | Reached XP level 3. HP: 14/20 MP: 5/5
  1221 | D:2      | Reached skill level 7 in Ranged Weapons
  1330 | D:2      | Noticed Robin
  1335 | D:2      | Killed Robin
  1336 | D:2      | Reached XP level 4. HP: 25/25 MP: 6/6
  1372 | D:2      | Noticed Natasha
  1382 | D:2      | Killed Natasha
  1458 | D:2      | Reached skill level 8 in Ranged Weapons
  1649 | D:2      | Noticed Natasha
  1659 | D:2      | Killed Natasha
  1660 | D:2      | Reached XP level 5. HP: 25/29 MP: 7/7
  1697 | D:2      | 1697 ||| UPGRADING to +0 scale mail.
  1707 | D:2      | 1707 ||| DROPPING +0 leather armour.
  1708 | D:2      | 1708 ||| UPGRADING to +1 pair of gloves.
  1713 | D:2      | 1713 ||| UPGRADING to +0 helmet.
  1718 | D:2      | 1718 ||| READING scroll labelled LUTREN ITREE.
  1719 | D:2      | 1719 ||| READING scroll labelled CAONA KOR PUYS.
  1719 | D:2      | 1719 ||| ENCHANTING +1 pair of gloves.
  1788 | D:3      | Noticed Terence
  1799 | D:3      | Killed Terence
  1800 | D:3      | Reached skill level 1 in Armour
  1890 | D:3      | Found a transporter.
  2001 | D:3      | Found a transporter.
  2258 | D:3      | 2258 ||| UPGRADING to +0 ring mail.
  2268 | D:3      | 2268 ||| DROPPING +0 scale mail.
  2269 | D:3      | 2269 ||| READING 2 scrolls labelled VUN OCHEKYTWIJ.
  2270 | D:3      | 2270 ||| READING scroll labelled LIROD MEMOU.
  2270 | D:3      | 2270 ||| IDENTIFYING murky black potion
  2271 | D:3      | 2271 ||| DRINKING 2 fuming blue potions.
  2315 | D:3      | 2315 ||| DROPPING scroll of immolation.
  2316 | D:3      | 2316 ||| DROPPING potion of lignification.
  2417 | D:4      | HP: 7/29 [scorpion (6)]
  2418 | D:4      | 2418 ||| READING 2 scrolls of teleportation.
  2419 | D:4      | 2419 ||| DRINKING potion of heal wounds.
  2421 | D:4      | Reached skill level 9 in Ranged Weapons
  2488 | D:4      | 2488 ||| SWAPPING to +3 orcbow of flaming.
  2489 | D:4      | 2489 ||| DROPPING +0 shortbow.
  2577 | D:4      | Noticed a phantom
  2578 | D:4      | 2578 ||| ZAPPING wand of iceblast (12) at -5,0 (phantom;
                  | floor).
  2579 | D:4      | 2579 ||| ZAPPING wand of iceblast (11) at -4,0 (phantom;
                  | floor).
  2580 | D:4      | 2580 ||| ZAPPING wand of iceblast (10) at -3,0 (phantom;
                  | floor).
  2581 | D:4      | 2581 ||| ZAPPING wand of iceblast (9) at -2,0 (phantom;
                  | floor).
  2583 | D:4      | 2583 ||| RETREEEEATING.
  2584 | D:4      | 2584 ||| RETREEEEATING.
  2585 | D:4      | 2585 ||| ZAPPING wand of iceblast (8) at -2,-2 (phantom;
                  | floor).
  2586 | D:4      | Killed a phantom
  2587 | D:4      | Reached XP level 6. HP: 36/36 MP: 8/8
  2599 | D:4      | 2599 ||| DRINKING fuming inky potion.
  2600 | D:4      | 2600 ||| DRINKING coppery potion.
  2601 | D:4      | 2601 ||| DRINKING orange potion.
  2602 | D:4      | 2602 ||| DRINKING red potion.
  2881 | D:4      | Found a staircase to the Ecumenical Temple.
  2882 | D:4      | 2882 ||| PLANNING TEMPLE
  2882 | D:4      | 2882 ||| READING scroll of identify.
  2882 | D:4      | 2882 ||| IDENTIFYING metallic emerald potion
  2883 | D:4      | 2883 ||| READING scroll labelled MEARCHOLUAMM.
  2884 | D:4      | 2884 ||| DRINKING 2 sapphire potions.
  2886 | D:4      | 2886 ||| Stepping ~*~*~tactically~*~*~ (cloud).
  2986 | Temple   | Entered the Ecumenical Temple
  2987 | Temple   | 2987 ||| PLANNING OKAWARU WORSHIP
  3019 | Temple   | Became a worshipper of Warmaster Okawaru
  3020 | Temple   | 3020 ||| PLANNING D:1-11
  3235 | D:5      | Entered Level 5 of the Dungeon
  3266 | D:5      | Reached skill level 10 in Ranged Weapons
  3266 | D:5      | Reached XP level 7. HP: 40/40 MP: 9/9
  3324 | D:5      | Reached skill level 3 in Dodging
  3391 | D:5      | Reached skill level 11 in Ranged Weapons
  3405 | D:5      | Noticed Menkaure
  3409 | D:5      | 3409 ||| ZAPPING wand of iceblast (7) at 2,2 (Menkaure;
                  | floor).
  3410 | D:5      | Killed Menkaure
  3410 | D:5      | Reached * piety under Okawaru
  3516 | D:5      | Noticed Eustachio
  3517 | D:5      | 3517 ||| INVOKING Heroism.
  3518 | D:5      | 3518 ||| INVOKING Heroism.
  3522 | D:5      | Killed Eustachio
  3523 | D:5      | Reached skill level 12 in Ranged Weapons
  3523 | D:5      | Reached XP level 8. HP: 45/45 MP: 7/11
  3624 | D:5      | Noticed Duvessa
  3625 | D:5      | Noticed Dowan
  3628 | D:5      | Killed Duvessa
  3629 | D:5      | 3629 ||| INVOKING Heroism.
  3634 | D:5      | Killed Dowan
  3635 | D:5      | Reached skill level 3 in Fighting
  3635 | D:5      | Reached skill level 3 in Invocations
  3667 | D:5      | Found a hazy altar of Hepliaklqana.
  3899 | D:5      | Noticed Blork the orc
  3902 | D:5      | Killed Blork the orc
  4023 | D:5      | 4023 ||| UPGRADING to ring of protection from cold.
  4165 | D:6      | Found a runed translucent gate.
  4166 | D:6      | Found a runed translucent gate.
  4166 | D:6      | Noticed qw's ghost (novice SpHu)
  4168 | D:6      | Found a runed translucent gate.
  4311 | D:6      | Reached ** piety under Okawaru
  4312 | D:6      | Reached skill level 13 in Ranged Weapons
  4733 | D:6      | 4733 ||| READING scroll of identify.
  4733 | D:6      | 4733 ||| IDENTIFYING fuming dark potion
  4734 | D:6      | 4734 ||| DRINKING potion of experience.
  4734 | D:6      | Reached skill level 19 in Ranged Weapons
  4734 | D:6      | Reached XP level 9. HP: 50/50 MP: 14/14
  4813 | D:7      | Reached XP level 10. HP: 52/56 MP: 15/15
  5313 | D:7      | Identified the +6 hand axe of Radicalism {freeze, +Blink}
  5360 | D:7      | 5360 ||| READING scroll of identify.
  5360 | D:7      | 5360 ||| IDENTIFYING fuming grey potion
  5361 | D:7      | 5361 ||| READING scroll labelled KENEMA EN NEURGH.
  5362 | D:7      | 5362 ||| READING scroll labelled WYTUTO JIUDERA.
  5363 | D:7      | 5363 ||| READING scroll labelled PAOFUC JOU.
  5413 | D:8      | 5413 ||| Stepping ~*~*~tactically~*~*~ (cloud).
  5575 | D:8      | Reached *** piety under Okawaru
  5790 | D:8      | Identified the +10 mace of Fear {freeze, rPois rC- Dex+6}
  6023 | D:8      | 6023 ||| RETREEEEATING.
  6024 | D:8      | 6024 ||| RETREEEEATING.
  6025 | D:8      | 6025 ||| RETREEEEATING.
  6026 | D:8      | 6026 ||| RETREEEEATING.
  6027 | D:8      | 6027 ||| RETREEEEATING.
  6028 | D:8      | 6028 ||| RETREEEEATING.
  6029 | D:8      | 6029 ||| RETREEEEATING.
  6030 | D:8      | 6030 ||| RETREEEEATING.
  6031 | D:8      | 6031 ||| RETREEEEATING.
  6032 | D:8      | 6032 ||| RETREEEEATING.
  6033 | D:8      | 6033 ||| RETREEEEATING.
  6034 | D:8      | 6034 ||| RETREEEEATING.
  6035 | D:8      | 6035 ||| RETREEEEATING.
  6036 | D:8      | 6036 ||| RETREEEEATING.
  6037 | D:8      | 6037 ||| RETREEEEATING.
  6038 | D:8      | 6038 ||| RETREEEEATING.
  6048 | D:8      | Reached skill level 6 in Dodging
  6054 | D:8      | HP: 3/56 [orc warrior/+0 battleaxe (17)]
  6055 | D:8      | 6055 ||| READING 2 scrolls of teleportation.
  6056 | D:8      | 6056 ||| DRINKING potion of heal wounds.
  6059 | D:8      | HP: 5/56 [orc warrior/+0 battleaxe (7)]
  6258 | D:8      | 6258 ||| RETREEEEATING.
  6259 | D:8      | 6259 ||| RETREEEEATING.
  6260 | D:8      | 6260 ||| RETREEEEATING.
  6261 | D:8      | 6261 ||| INVOKING Heroism.
  6262 | D:8      | 6262 ||| DRINKING potion of haste.
  6447 | D:8      | Found a staircase to the Lair.
  6499 | D:8      | Reached **** piety under Okawaru
  6622 | D:8      | 6622 ||| PLANNING LAIR
  6622 | D:8      | 6622 ||| UPGRADING to +0 acid dragon scales.
  6632 | D:8      | 6632 ||| DROPPING +0 ring mail.
  6633 | D:8      | 6633 ||| DROPPING ring of wizardry.
  6634 | D:8      | 6634 ||| READING 2 scrolls of identify.
  6634 | D:8      | 6634 ||| IDENTIFYING fuming orange potion
  6635 | D:8      | 6635 ||| READING scroll of identify.
  6635 | D:8      | 6635 ||| IDENTIFYING scroll labelled ZYUCOLOACI
  6636 | D:8      | 6636 ||| READING scroll of enchant weapon.
  6636 | D:8      | 6636 ||| ENCHANTING +3 orcbow of flaming.
  6651 | Lair:1   | Entered Level 1 of the Lair of Beasts
  6760 | Lair:1   | 6760 ||| RETREEEEATING.
  6762 | Lair:1   | 6762 ||| RETREEEEATING.
  6764 | Lair:1   | 6764 ||| RETREEEEATING.
  6767 | Lair:1   | 6767 ||| RETREEEEATING.
  6780 | Lair:1   | 6780 ||| RETREEEEATING.
  6783 | Lair:1   | Reached skill level 3 in Armour
  6783 | Lair:1   | Reached XP level 11. HP: 54/63 MP: 16/16
  6791 | Lair:1   | Reached ***** piety under Okawaru
  6891 | Lair:1   | 6891 ||| INVOKING Finesse.
  6912 | Lair:1   | 6912 ||| INVOKING Heroism.
  7071 | Lair:1   | 7071 ||| RETREEEEATING.
  7081 | Lair:1   | 7081 ||| RETREEEEATING.
  7082 | Lair:1   | 7082 ||| RETREEEEATING.
  7083 | Lair:1   | 7083 ||| RETREEEEATING.
  7085 | Lair:1   | 7085 ||| RETREEEEATING.
  7090 | Lair:1   | 7090 ||| RETREEEEATING.
  7091 | Lair:1   | 7091 ||| RETREEEEATING.
  7092 | Lair:1   | 7092 ||| RETREEEEATING.
  7093 | Lair:1   | 7093 ||| RETREEEEATING.
  7099 | Lair:1   | Reached skill level 6 in Invocations
  7346 | Lair:1   | 7346 ||| RETREEEEATING.
  7348 | Lair:1   | 7348 ||| RETREEEEATING.
  7449 | Lair:1   | Reached skill level 9 in Dodging
  7745 | Lair:1   | 7745 ||| UPGRADING to +2 helmet.
  7755 | Lair:1   | 7755 ||| DROPPING +0 helmet.
  7756 | Lair:1   | 7756 ||| UPGRADING to +4 ring of slaying {mikee}.
  7799 | Lair:2   | 7799 ||| Stepping ~*~*~tactically~*~*~ (cloud).
  7810 | Lair:2   | Noticed a four-headed hydra
  7811 | Lair:2   | 7811 ||| INVOKING Finesse.
  7823 | Lair:2   | 7823 ||| RETREEEEATING.
  7826 | Lair:2   | Killed a four-headed hydra
  7829 | Lair:2   | 7829 ||| RETREEEEATING.
  7839 | Lair:2   | Received a gift from Okawaru
  7843 | Lair:2   | Noticed a swamp dragon
  7857 | Lair:2   | Killed a swamp dragon
  7858 | Lair:2   | Reached skill level 6 in Fighting
  7861 | Lair:2   | 7861 ||| Stepping ~*~*~tactically~*~*~ (cloud).
  7861 | Lair:2   | HP: 15/64 [poison (poison gas)]
  7862 | Lair:2   | 7862 ||| DRINKING 2 potions of curing.
  7862 | Lair:2   | 7862 ||| (to cure poison)
  7870 | Lair:2   | 7870 ||| FLEEEEING.
  7871 | Lair:2   | 7871 ||| FLEEEEING.
  7872 | Lair:2   | 7872 ||| FLEEEEING.
  7873 | Lair:2   | 7873 ||| FLEEEEING.
  7986 | Lair:2   | Noticed a five-headed hydra
  7987 | Lair:2   | 7987 ||| INVOKING Finesse.
  7995 | Lair:2   | Killed a five-headed hydra
  8046 | Lair:2   | 8046 ||| RETREEEEATING.
  8051 | Lair:2   | 8051 ||| RETREEEEATING.
  8060 | Lair:2   | 8060 ||| RETREEEEATING.
  8061 | Lair:2   | 8061 ||| RETREEEEATING.
  8062 | Lair:2   | 8062 ||| RETREEEEATING.
  8063 | Lair:2   | 8063 ||| RETREEEEATING.
  8065 | Lair:2   | Reached skill level 9 in Invocations
  8070 | Lair:2   | Reached XP level 12. HP: 70/70 MP: 20/20
  8328 | Lair:2   | 8328 ||| RETREEEEATING.
  8337 | Lair:2   | 8337 ||| RETREEEEATING.
  8338 | Lair:2   | 8338 ||| RETREEEEATING.
  8339 | Lair:2   | 8339 ||| RETREEEEATING.
  8340 | Lair:2   | 8340 ||| RETREEEEATING.
  8341 | Lair:2   | 8341 ||| RETREEEEATING.
  8342 | Lair:2   | 8342 ||| RETREEEEATING.
  8344 | Lair:2   | 8344 ||| RETREEEEATING.
  8345 | Lair:2   | 8345 ||| RETREEEEATING.
  8346 | Lair:2   | 8346 ||| RETREEEEATING.
  8347 | Lair:2   | 8347 ||| RETREEEEATING.
  8348 | Lair:2   | 8348 ||| RETREEEEATING.
  8731 | Lair:2   | Noticed a boulder beetle
  8732 | Lair:2   | 8732 ||| INVOKING Finesse.
  8743 | Lair:2   | Killed a boulder beetle
  8949 | Lair:2   | 8949 ||| READING 2 scrolls of identify.
  8949 | Lair:2   | 8949 ||| IDENTIFYING smoky golden potion
  8950 | Lair:2   | 8950 ||| READING scroll of identify.
  8950 | Lair:2   | 8950 ||| IDENTIFYING scroll labelled AKEGRAS IRGHUM
  8951 | Lair:2   | 8951 ||| READING scroll of brand weapon.
  8951 | Lair:2   | 8951 ||| BRANDING +4 orcbow of flaming.
  8952 | Lair:2   | 8952 ||| DROPPING potion of brilliance.
  8988 | Lair:3   | 8988 ||| STAIRDANCE
  9029 | Lair:3   | 9029 ||| INVOKING Finesse.
  9030 | Lair:3   | 9030 ||| INVOKING Heroism.
  9090 | Lair:3   | Noticed a four-headed hydra
  9090 | Lair:3   | Noticed an eight-headed hydra
  9091 | Lair:3   | 9091 ||| RETREEEEATING.
  9092 | Lair:3   | 9092 ||| RETREEEEATING.
  9093 | Lair:3   | 9093 ||| INVOKING Finesse.
  9100 | Lair:3   | Killed a four-headed hydra
  9102 | Lair:3   | Received a gift from Okawaru
  9106 | Lair:3   | 9106 ||| FLEEEEING.
  9107 | Lair:3   | 9107 ||| FLEEEEING.
  9108 | Lair:3   | 9108 ||| FLEEEEING.
  9109 | Lair:3   | 9109 ||| FLEEEEING.
  9110 | Lair:3   | 9110 ||| FLEEEEING.
  9111 | Lair:3   | 9111 ||| FLEEEEING.
  9112 | Lair:3   | 9112 ||| FLEEEEING.
  9113 | Lair:3   | 9113 ||| FLEEEEING.
  9114 | Lair:3   | 9114 ||| FLEEEEING.
  9115 | Lair:3   | 9115 ||| FLEEEEING.
  9116 | Lair:3   | 9116 ||| STAIRDANCE
  9239 | Lair:3   | 9239 ||| STAIRDANCE
  9241 | Lair:2   | 9241 ||| INVOKING Finesse.
  9246 | Lair:2   | Killed an eight-headed hydra
  9349 | Lair:3   | 9349 ||| RETREEEEATING.
  9376 | Lair:3   | 9376 ||| RETREEEEATING.
  9421 | Lair:3   | Noticed a seven-headed hydra
  9423 | Lair:3   | 9423 ||| INVOKING Finesse.
  9430 | Lair:3   | Killed a seven-headed hydra
  9578 | Lair:3   | 9578 ||| INVOKING Finesse.
  9585 | Lair:3   | Received a gift from Okawaru
  9588 | Lair:3   | HP: 17/72 [poisoned by a black mamba]
  9589 | Lair:3   | 9589 ||| READING 4 scrolls of teleportation.
  9590 | Lair:3   | 9590 ||| DRINKING potion of heal wounds.
  9595 | Lair:3   | HP: 17/73 [poisoned by a black mamba]
  9600 | Lair:3   | HP: 11/73 [poisoned by a black mamba]
  9978 | Lair:3   | Noticed Amaemon
  9994 | Lair:3   | Killed Amaemon
 10033 | Lair:3   | 10033 ||| INVOKING Finesse.
 10125 | Lair:3   | Noticed a four-headed hydra
 10126 | Lair:3   | 10126 ||| INVOKING Finesse.
 10134 | Lair:3   | Killed a four-headed hydra
 10222 | Lair:3   | Found a hole to the Spider Nest.
 10335 | Lair:3   | Reached skill level 12 in Dodging
 10594 | Lair:3   | 10594 ||| RETREEEEATING.
 10595 | Lair:3   | 10595 ||| INVOKING Finesse.
 10597 | Lair:3   | Noticed a four-headed hydra
 10603 | Lair:3   | Reached XP level 13. HP: 76/78 MP: 16/22
 10618 | Lair:3   | 10618 ||| RETREEEEATING.
 10619 | Lair:3   | 10619 ||| RETREEEEATING.
 10641 | Lair:3   | HP: 19/78 [seven-headed hydra (1)]
 10642 | Lair:3   | 10642 ||| READING 3 scrolls of teleportation.
 10642 | Lair:3   | HP: 7/78 [seven-headed hydra (10)]
 10642 | Lair:3   | Mangled by a seven-headed hydra

Levels and vault maps discovered:
D:1:      minmay_arrival_wavy_path, layout_basic, grunt_decor_arrowhead
D:2:      layout_rooms, nicolae_ecumenical_lake_church,
          kennysheep_generic_room_12, uniq_natasha, uniq_robin
D:3:      gammafunk_wand_slinger, layout_rooms, kennysheep_generic_room_6,
          uniq_terence
D:4:      layout_loops_ring, minmay_temple_entry_junction, st_stairs_9
D:5:      layout_loops_cross, amcnicky_altar_gilded, uniq_duvessa,
          uniq_blork_the_orc, uniq_menkaure, uniq_eustachio
D:6:      layout_basic, gammafunk_ghost_nasty_kobolds,
          chequers_serial_rivers_marsh, skrybe_limestone_x
D:7:      layout_loops_cross
D:8:      layout_gridville, minmay_lair_entry_grove, grunt_ministairs_8,
          kb_lookout_dungeons_type, kennysheep_generic_room_16
Temple:   minmay_crystal_snake_temple
Lair:1:   layout_roguey
Lair:2:   layout_regular_city, st_stairs_9, pdpol_lair_neglected_garden, pond,
          grunt_megastairs_5, serial_bayou_shore_b
Lair:3:   nzn_winding_woodlands_stair_cross
          [nzn_winding_woodlands_5x15_sawtooth,
          nzn_winding_woodlands_center_garden,
          nzn_winding_woodlands_5x15_pathside_ponds,
          nzn_winding_woodlands_5x5_perimeter, nzn_winding_woodlands_hourglass,
          nzn_winding_woodlands_5x15_eye, nzn_winding_woodlands_center_lodge,
          nzn_winding_woodlands_5x15_concentric], layout_cave_pods,
          nicolae_swamp_entry_splash_gauntlet, spider_nest_entry_web_field,
          uniq_amaemon

Skill      XL: |  1  2  3  4  5  6  7  8  9 10 11 12 13 |
---------------+----------------------------------------+-----
Ranged Weapons | 6 7 8 9 10 12 19 | 19.2
Armour         | 1 3 4 5 |  5.0
Fighting       | 2 3 5 6 8 |  8.0
Dodging        | 3 4 7 9 12 | 12.0
Invocations    | 2 4 5 9 10 | 10.0
Stealth        | |  1.2

Action                     |  1- 3 |  4- 6 |  7- 9 | 10-12 | 13-15 || total
---------------------------+-------+-------+-------+-------+-------++-------
   Fire: Shortbow          |    93 |   102 |       |       |       ||   195
         Orcbow            |       |    37 |   131 |   694 |    37 ||   899
 Invoke: Heroism           |       |       |     2 |     3 |       ||     5
         Finesse           |       |       |       |    12 |       ||    12
  Evoke: Wand              |       |     5 |     1 |       |       ||     6
    Use: Scroll            |     3 |     7 |     1 |    12 |     1 ||    24
         Potion            |       |     7 |     1 |     4 |       ||    12
 Armour: Leather armour    |    10 |    11 |       |       |       ||    21
         Scale mail        |       |    21 |       |       |       ||    21
         Ring mail         |       |    18 |    18 |    40 |       ||    76
         Acid dragon scale |       |       |       |   140 |    33 ||   173
  Dodge: Dodged            |    23 |    39 |    15 |   201 |    20 ||   298

Table legend:
 A = Non-vault XP
 B = Vault XP
 C = Vault XP percentage of total XP
 D = Non-vault monster count
 E = Vault monster count
 F = Vault count percentage of total count
                 A         B        C        D         E       F
            +---------+---------+-------+---------+---------+-------
      Total |   21095 |   16402 |  43.7 |     205 |      89 |  30.3
            +---------+---------+-------+---------+---------+-------
        D:1 |      11 |       0 |   0.0 |       8 |       0 |   0.0
        D:2 |     112 |      76 |  40.4 |      17 |      14 |  45.2
        D:3 |      29 |      39 |  57.4 |      10 |       3 |  23.1
        D:4 |     290 |      17 |   5.5 |      15 |       3 |  16.7
        D:5 |     743 |     683 |  47.9 |      22 |       5 |  18.5
        D:6 |     685 |       0 |   0.0 |      23 |       0 |   0.0
        D:7 |     614 |       0 |   0.0 |      22 |       0 |   0.0
        D:8 |    2136 |    1893 |  47.0 |      17 |      16 |  48.5
     Lair:1 |    6278 |       0 |   0.0 |      33 |       0 |   0.0
     Lair:2 |    6308 |    4181 |  39.9 |      24 |      13 |  35.1
     Lair:3 |    3889 |    9513 |  71.0 |      14 |      35 |  71.4
            +---------+---------+-------+---------+---------+-------
